3A
MT. VERNON BULLS @ MYRTLE BEACH SEAHAWKS
07/11/2033
 
TOP OF THE 1ST
Mt. Vernon Bulls batting - Pitching for Myrtle Beach Seahawks : RHP Pedro Vallés
Pitching: RHP Pedro Vallés
Batting: LHB Iván Soto 0-0: Ball
1-0: Ball
2-0: Swinging Strike
2-1: Foul Ball, location: 2F
2-2: Ball
3-2: Strikes out looking
Batting: RHB Silverberry Mouhon 0-0: Hit by Pitch
Batting: RHB Tom Bancroft 0-0: Called Strike
0-1: Ball
Wild Pitch!
Silverberry Mouhon to second
1-1: Fly out, F7 (Line Drive, 7D)
Batting: LHB Rich Watkins 0-0: Ball
1-0: Swinging Strike
1-1: Ball
2-1: Swinging Strike
2-2: Ball
3-2: Strikes out swinging
Top of the 1st over - 0 runs, 0 hits, 0 errors, 1 left on base; Mt. Vernon 0 - Myrtle Beach 0
BOTTOM OF THE 1ST
Myrtle Beach Seahawks batting - Pitching for Mt. Vernon Bulls : RHP Dru Krebs
Pitching: RHP Dru Krebs
Batting: RHB Lucas Gallant 0-0: Ball
1-0: Called Strike
1-1: Ball
2-1: Reached via error on a dropped throw, E3
Batting: RHB Al Ellis 0-0: Called Strike
0-1: Ball
1-1: Ball
2-1: DOUBLE (Line Drive, 89D)
Lucas Gallant to third
Runner from 3rd tries for Home, SAFE, throw made at trailing runner, OUT at third!
Batting: LHB Augusto Reyes 0-0: Called Strike
0-1: SOLO HOME RUN (Flyball, 9LD), Distance : 362 ft
Batting: RHB Jimmy Gonzáles 0-0: Ball
1-0: Foul Ball, location: 2F
1-1: Swinging Strike
1-2: Foul Ball, location: 2F
1-2: Ball
2-2: Strikes out swinging
Batting: LHB Anastasio Flores 0-0: Ball
1-0: Foul Ball, location: 2F
1-1: Foul Ball, location: 2F
1-2: Ball
2-2: Fly out, F3 (Popup, 34S)
Bottom of the 1st over - 2 runs, 2 hits, 1 error, 0 left on base; Mt. Vernon 0 - Myrtle Beach 2
TOP OF THE 2ND
Mt. Vernon Bulls batting - Pitching for Myrtle Beach Seahawks : RHP Pedro Vallés
Batting: LHB Tomás Muinos 0-0: Ball
1-0: Swinging Strike
1-1: Foul Ball, location: 2F
1-2: Strikes out swinging
Batting: RHB Tong-sik Im 0-0: Ball
1-0: Foul Ball, location: 2F
1-1: Swinging Strike
1-2: Foul Ball, location: 2F
1-2: Ball
2-2: Strikes out looking
Batting: SHB Zak Martin 0-0: Ball
1-0: Ground out U3 (Groundball, 3)
Top of the 2nd over - 0 runs, 0 hits, 0 errors, 0 left on base; Mt. Vernon 0 - Myrtle Beach 2
BOTTOM OF THE 2ND
Myrtle Beach Seahawks batting - Pitching for Mt. Vernon Bulls : RHP Dru Krebs
Batting: RHB Miguel Rey 0-0: Foul Ball, location: 2F
0-1: SOLO HOME RUN (Flyball, 7D), Distance : 412 ft
Batting: RHB César Salvatierra 0-0: Single, Error in OF, E8, batter to second base
Batting: RHB Louie Kennard 0-0: Ball
1-0: SINGLE (Groundball, 6D)
César Salvatierra to third
Runner from 3rd tries for Home, SAFE, no throw
Batting: RHB Jordan Lander 0-0: Ball
1-0: Swinging Strike
1-1: Called Strike
1-2: Ball
2-2: Ball
3-2: Foul Ball, location: 2F
3-2: Foul Ball, location: 2F
3-2: Foul Ball, location: 2F
3-2: Fielders Choice at 2nd, 5-4 (Groundball, 56)
Batting: RHB Lucas Gallant 0-0: Foul Ball, location: 2F
0-1: Ground out 5-3 (Groundball, 56S)
Jordan Lander to second
Batting: RHB Al Ellis 0-0: Ball
1-0: Ball
2-0: Foul Ball, location: 2F
2-1: Ground out 6-3 (Groundball, 6)
Bottom of the 2nd over - 2 runs, 3 hits, 1 error, 1 left on base; Mt. Vernon 0 - Myrtle Beach 4
TOP OF THE 3RD
Mt. Vernon Bulls batting - Pitching for Myrtle Beach Seahawks : RHP Pedro Vallés
Batting: RHB Kamakakoa Kaponianani 0-0: Called Strike
0-1: Ball
1-1: Swinging Strike
1-2: Ball
2-2: Strikes out swinging
Batting: RHB Wei-hong Won 0-0: Called Strike
0-1: Swinging Strike
0-2: Ball
1-2: Ground out U3 (Groundball, 34S)
Batting: LHB Iván Soto 0-0: Foul Ball, location: 2F
0-1: Foul Ball, location: 2F
0-2: Foul Ball, location: 2F
0-2: Ball
1-2: Ground out 4-3 (Groundball, 4S)
Top of the 3rd over - 0 runs, 0 hits, 0 errors, 0 left on base; Mt. Vernon 0 - Myrtle Beach 4
BOTTOM OF THE 3RD
Myrtle Beach Seahawks batting - Pitching for Mt. Vernon Bulls : RHP Dru Krebs
Batting: LHB Augusto Reyes 0-0: Swinging Strike
0-1: Ball
1-1: SINGLE (Line Drive, 7S)
Batting: RHB Jimmy Gonzáles 0-0: Ball
1-0: Grounds into double play, 4-3-6 (Groundball, 34)
Batting: LHB Anastasio Flores 0-0: SINGLE (Groundball, 56S) (infield hit)
Batting: RHB Miguel Rey 0-0: Ball
1-0: SINGLE (Line Drive, 78M)
Anastasio Flores to second
Batting: RHB César Salvatierra 0-0: Ball
1-0: DOUBLE (Groundball, 5L)
Anastasio Flores scores
Miguel Rey to third
Batting: RHB Louie Kennard 0-0: SINGLE (Groundball, 6MD)
Miguel Rey scores
César Salvatierra to third
Runner from 3rd tries for Home, SAFE, no throw
Batting: RHB Jordan Lander 0-0: Foul Ball, location: 2F
0-1: Foul Ball, location: 2F
0-2: Ball
1-2: Foul Ball, location: 2F
1-2: Foul Ball, location: 2F
1-2: Foul Ball, location: 2F
1-2: Strikes out swinging
Bottom of the 3rd over - 3 runs, 5 hits, 0 errors, 1 left on base; Mt. Vernon 0 - Myrtle Beach 7
TOP OF THE 4TH
Mt. Vernon Bulls batting - Pitching for Myrtle Beach Seahawks : RHP Pedro Vallés
Batting: RHB Silverberry Mouhon 0-0: Foul Ball, location: 2F
0-1: Ball
1-1: Ball
2-1: Ball
3-1: Foul Ball, location: 2F
3-2: SINGLE (Groundball, 56D)
Batting: RHB Tom Bancroft 0-0: Ball
1-0: Ball
2-0: Grounds into double play, 6-4-3 (Groundball, 6)
Batting: LHB Rich Watkins 0-0: Ball
1-0: Ball
2-0: Ball
3-0: Base on Balls
Batting: LHB Tomás Muinos 0-0: Ball
1-0: Fly out, F8 (Flyball, 8LD)
Top of the 4th over - 0 runs, 1 hit, 0 errors, 1 left on base; Mt. Vernon 0 - Myrtle Beach 7
BOTTOM OF THE 4TH
Myrtle Beach Seahawks batting - Pitching for Mt. Vernon Bulls : RHP Dru Krebs
Batting: RHB Lucas Gallant 0-0: Called Strike
0-1: Swinging Strike
0-2: Ball
1-2: Fly out, F6 (Line Drive, 6M)
Batting: RHB Al Ellis 0-0: Called Strike
0-1: Called Strike
0-2: Ball
1-2: Ball
2-2: Strikes out looking
Batting: LHB Augusto Reyes 0-0: Called Strike
0-1: DOUBLE (Line Drive, 8LD)
Batting: RHB Jimmy Gonzáles 0-0: Ball
1-0: Called Strike
1-1: 2-RUN HOME RUN (Flyball, 7LD), Distance : 372 ft
Batting: LHB Anastasio Flores 0-0: Called Strike
0-1: Swinging Strike
0-2: Foul Ball, location: 2F
0-2: Ball
1-2: Ball
2-2: SINGLE (Line Drive, 3S)
Batting: RHB Miguel Rey 0-0: Ball
1-0: SINGLE (Line Drive, 7S)
Anastasio Flores to second
Batting: RHB César Salvatierra 0-0: Ball
1-0: Ball
2-0: Ball
3-0: Called Strike
3-1: Foul Ball, location: 2F
3-2: Strikes out looking
Bottom of the 4th over - 2 runs, 4 hits, 0 errors, 2 left on base; Mt. Vernon 0 - Myrtle Beach 9
TOP OF THE 5TH
Mt. Vernon Bulls batting - Pitching for Myrtle Beach Seahawks : RHP Pedro Vallés
Batting: RHB Tong-sik Im 0-0: Called Strike
0-1: Fly out, F7 (Line Drive, 78M)
Batting: SHB Zak Martin 0-0: Swinging Strike
0-1: Ball
1-1: Ball
2-1: Foul Ball, location: 2F
2-2: Ball
3-2: Strikes out swinging
Batting: RHB Kamakakoa Kaponianani 0-0: Ball
1-0: Ground out U3 (Groundball, 23)
Top of the 5th over - 0 runs, 0 hits, 0 errors, 0 left on base; Mt. Vernon 0 - Myrtle Beach 9
BOTTOM OF THE 5TH
Myrtle Beach Seahawks batting - Pitching for Mt. Vernon Bulls : RHP Dru Krebs
Batting: RHB Louie Kennard 0-0: Ball
1-0: Ball
2-0: Ground out 6-3 (Groundball, 6)
Batting: RHB Jordan Lander 0-0: Fly out, F9 (Flyball, 9S)
Batting: RHB Lucas Gallant 0-0: Called Strike
0-1: Swinging Strike
0-2: Ball
1-2: Foul Ball, location: 2F
1-2: Ball
2-2: Strikes out swinging
Bottom of the 5th over - 0 runs, 0 hits, 0 errors, 0 left on base; Mt. Vernon 0 - Myrtle Beach 9
TOP OF THE 6TH
Mt. Vernon Bulls batting - Pitching for Myrtle Beach Seahawks : RHP Pedro Vallés
Batting: RHB Wei-hong Won 0-0: Ball
1-0: Called Strike
1-1: Ball
2-1: Called Strike
2-2: Ball
3-2: Strikes out swinging
Batting: LHB Iván Soto 0-0: Ground out U3 (Groundball, 3)
Batting: RHB Silverberry Mouhon 0-0: Called Strike
0-1: Swinging Strike
0-2: Foul Ball, location: 2F
0-2: Strikes out looking
Top of the 6th over - 0 runs, 0 hits, 0 errors, 0 left on base; Mt. Vernon 0 - Myrtle Beach 9
BOTTOM OF THE 6TH
Myrtle Beach Seahawks batting - Pitching for Mt. Vernon Bulls : RHP Dru Krebs
Batting: RHB Al Ellis 0-0: Ball
1-0: Foul Ball, location: 2F
1-1: Ground out 5-3 (Groundball, 56)
Batting: LHB Augusto Reyes 0-0: Called Strike
0-1: Swinging Strike
0-2: Foul Ball, location: 2F
0-2: Strikes out swinging
Batting: RHB Jimmy Gonzáles 0-0: Ball
1-0: Ball
2-0: Foul Ball, location: 2F
2-1: Ball
3-1: Fly out, F8 (Flyball, 8LD)
Bottom of the 6th over - 0 runs, 0 hits, 0 errors, 0 left on base; Mt. Vernon 0 - Myrtle Beach 9
TOP OF THE 7TH
Mt. Vernon Bulls batting - Pitching for Myrtle Beach Seahawks : RHP Pedro Vallés
Batting: RHB Tom Bancroft 0-0: Ball
1-0: Ball
2-0: Called Strike
2-1: Foul Ball, location: 2F
2-2: Ground out 5-3 (Groundball, 56)
Batting: LHB Rich Watkins 0-0: Fly out, F4 (Popup, 4MD)
Batting: LHB Tomás Muinos 0-0: Called Strike
0-1: Fly out, F6 (Line Drive, 6)
Top of the 7th over - 0 runs, 0 hits, 0 errors, 0 left on base; Mt. Vernon 0 - Myrtle Beach 9
BOTTOM OF THE 7TH
Myrtle Beach Seahawks batting - Pitching for Mt. Vernon Bulls : RHP Dru Krebs
Batting: LHB Anastasio Flores 0-0: Called Strike
0-1: Foul Ball, location: 2F
0-2: Fly out, F8 (Flyball, 89M)
Batting: RHB Miguel Rey 0-0: Ball
1-0: Ball
2-0: Called Strike
2-1: SINGLE (Line Drive, 6MD)
Pitching: RHP Jesús Lemus
Batting: RHB César Salvatierra 0-0: Called Strike
0-1: Swinging Strike
0-2: Ball
1-2: Foul Ball, location: 2F
1-2: Foul Ball, location: 2F
1-2: Strikes out swinging
Batting: RHB Louie Kennard 0-0: Swinging Strike
0-1: Foul Ball, location: 2F
0-2: Foul Ball, location: 2F
0-2: Fielders Choice at 2nd, 6-4 (Groundball, 6)
Bottom of the 7th over - 0 runs, 1 hit, 0 errors, 1 left on base; Mt. Vernon 0 - Myrtle Beach 9
TOP OF THE 8TH
Mt. Vernon Bulls batting - Pitching for Myrtle Beach Seahawks : RHP Pedro Vallés
Batting: RHB Tong-sik Im 0-0: Called Strike
0-1: Ground out 6-3 (Groundball, 6S)
Batting: SHB Zak Martin 0-0: Ball
1-0: Called Strike
1-1: Ball
2-1: Called Strike
2-2: Strikes out swinging
Batting: RHB Kamakakoa Kaponianani 0-0: Ball
1-0: Called Strike
1-1: Ball
2-1: Foul Ball, location: 2F
2-2: Ball
3-2: Base on Balls
Pitching: RHP Gunnar Hoglund
Batting: RHB Wei-hong Won 0-0: Ball
1-0: Foul Ball, location: 2F
1-1: Foul Ball, location: 2F
1-2: Ball
2-2: Foul Ball, location: 2F
2-2: Ball
3-2: Strikes out swinging
Top of the 8th over - 0 runs, 0 hits, 0 errors, 1 left on base; Mt. Vernon 0 - Myrtle Beach 9
BOTTOM OF THE 8TH
Myrtle Beach Seahawks batting - Pitching for Mt. Vernon Bulls : RHP Jesús Lemus
Batting: RHB Jordan Lander 0-0: Ball
1-0: Ball
2-0: Ball
3-0: Called Strike
3-1: SINGLE (Flyball, 8RS)
Batting: RHB Lucas Gallant 0-0: Ball
1-0: Called Strike
1-1: Called Strike
1-2: Ball
2-2: Grounds into double play, 6-4-3 (Groundball, 6)
Batting: RHB Al Ellis 0-0: Ball
1-0: Ball
2-0: Foul Ball, location: 2F
2-1: Ball
3-1: Foul Ball, location: 2F
3-2: Base on Balls
Batting: LHB Augusto Reyes 0-0: Ball
1-0: Foul Ball, location: 2F
1-1: Called Strike
1-2: Strikes out swinging
Bottom of the 8th over - 0 runs, 1 hit, 0 errors, 1 left on base; Mt. Vernon 0 - Myrtle Beach 9
TOP OF THE 9TH
Mt. Vernon Bulls batting - Pitching for Myrtle Beach Seahawks : RHP Gunnar Hoglund
Batting: LHB Iván Soto 0-0: Ball
1-0: Ball
2-0: Swinging Strike
2-1: Swinging Strike
2-2: Strikes out swinging
Batting: RHB Silverberry Mouhon 0-0: Ball
1-0: Foul Ball, location: 2F
1-1: Swinging Strike
1-2: Strikes out swinging
Batting: RHB Tom Bancroft 0-0: Called Strike
0-1: Ball
1-1: Foul Ball, location: 2F
1-2: Foul Ball, location: 2F
1-2: Hit by Pitch
Batting: LHB Rich Watkins 0-0: Ball
1-0: Called Strike
1-1: Ball
2-1: Ball
3-1: Base on Balls
Tom Bancroft to second
Batting: LHB Tomás Muinos 0-0: Called Strike
0-1: Ball
1-1: Ball
2-1: Swinging Strike
2-2: Strikes out swinging
Top of the 9th over - 0 runs, 0 hits, 0 errors, 2 left on base; Mt. Vernon 0 - Myrtle Beach 9
Saturday, December 22nd, 2018 - OOTP Baseball 18.8 Build 76